 Dungeon Crawl Stone Soup version 0.31-a0-233-g139696dc86 (webtiles) character file.

Game seed: 12817694613339470291

108 Midn8 the Conjurer (level 4, 0/27 HPs)
             Began as an Octopode Conjurer on July 9, 2023.
             Was an Initiate of Cheibriados.
             Killed by divine providence
             ... invoked by an orc priest
              (12 damage)
             ... on level 3 of the Dungeon.
             The game lasted 00:05:04 (2773 turns).

Midn8 the Conjurer (Octopode Conjurer)              Turns: 2773, Time: 00:05:04

Health: 0/27       AC:  1    Str:  7    XL:     4   Next: 87%
Magic:  8/8        EV: 13    Int: 23    God:    Cheibriados [......]
Gold:   183        SH:  0    Dex: 11    Spells: 6/9 levels left

rFire   . . .        j - +2 sling (elec)
rCold   . . .        (no shield)
rNeg    . . .        (helmet restricted)
rPois   .            (no amulet)
rElec   .            (no ring)
rCorr   .            (no ring)
SInv    .            (no ring)
Will    .....        (no ring)
Stlth   +++          (no ring)
HPRegen 0.24/turn    (no ring)
MPRegen 0.11/turn    (no ring)
                     (no ring)

%: no passive effects
@: slow
A: almost no armour, amphibious, 8 rings, camouflage 1, gelatinous body 1,
(nimble swimmer 1), tentacles
a: Renounce Religion


You were on level 3 of the Dungeon.
You worshipped Cheibriados.
Cheibriados was noncommittal.
You visited 1 branch of the dungeon, and saw 3 of its levels.

You collected 183 gold pieces.

Inventory:

Hand Weapons
 b - a +0 sling
 j - a +2 sling of electrocution (weapon)
Wands
 h - a wand of quicksilver (14)
Scrolls
 e - 2 scrolls of teleportation
 i - a scroll of poison {unknown}
 l - a scroll of amnesia {unknown}
Potions
 a - 2 potions of magic
 c - a potion of ambrosia {unknown}
 d - 2 potions of curing
 f - a potion of heal wounds {unknown}
 g - a potion of brilliance {unknown}
 k - a potion of invisibility {unknown}


   Skills:
 - Level 2.0 Dodging
 - Level 2.6 Stealth
 - Level 3.0 Spellcasting
 + Level 5.5 Conjurations


You had 6 spell levels left.
You knew the following spells:

 Your Spells              Type           Power      Damage    Failure   Level
a - Magic Dart            Conj           100%       1d8       1%          1
s - Searing Ray           Conj           56%        2d6       1%          2

Your spell library contained the following spells:

 Spells                   Type           Power      Damage    Failure   Level
 Dazzling Flash           Conj/Hex       32%        N/A       11%         3
 Call Canine Familiar     Summ           3%         N/A       34%         3
 Portal Projectile        Hex/Tloc       6%         N/A       34%         3
 Fulminant Prism          Conj/Hex       8%         3d7       36%         4
 Iskenderun's Mystic Bla  Conj/Tloc      16%        2d5       36%         4
 Leda's Liquefaction      Hex/Erth       1%         N/A       75%         4


Dungeon Overview and Level Annotations

Branches:
Dungeon (3/15)

Altars:
Cheibriados
The Shining One

Annotations:
D:3 exclusions: 2 goblins and 7 more exclusions


Innate Abilities, Weirdness & Mutations

You cannot wear most types of armour.
You are amphibious.
You can wear up to eight rings at the same time.
Your skin changes colour to match your surroundings (Stealth+).
Your rubbery body absorbs attacks. (AC +1, EV +1)
((You are camouflaged when in or above water. (Stealth+)))
You have tentacles for arms and can constrict up to eight enemies at once.


Message History

You curl up in front of the altar of Cheibriados.
Cheibriados welcomes you!
Cheibriados begins to support your attributes as your movement slows.
Cheibriados is now slowing the effects of poison on you.
An orc priest comes into view. It is wielding a +0 hand axe.
Found a whip.
You shoot a sling bullet. The orc priest shouts!
The sling bullet hits the orc priest.
The orc priest is moderately wounded.
You hear a shout! x2
An orc wizard comes into view. It is wielding a +0 dagger.
The orc priest calls down the wrath of Beogh upon you.
Beogh smites you!
You shoot a sling bullet. The sling bullet hits the orc priest!
The orc priest is almost dead.
An orc priest comes into view. It is wielding a +0 whip of pain.
An orc comes into view. It is wielding a +0 whip.
You shoot a sling bullet.
The sling bullet closely misses the orc priest.
The sling bullet barely misses the orc wizard.
The sling bullet closely misses the orc.
The orc shouts!
The orc priest shouts!
The orc wizard casts a spell at you. The puff of flame hits you.
The orc priest looks braver for a moment.
An orc wizard comes into view. It is wielding a +0 dagger.
A worm comes into view.
Fire: j) +2 sling (elec)
Press: ? - help, Q - select action, (/) - cycle Shift-Dir - straight line, f/p - orc priest
Aim: an orc priest, wielding a +0 hand axe (almost dead, 54% to hit)
You shoot a sling bullet.
The sling bullet closely misses the orc priest.
The sling bullet hits the orc wizard.
The orc wizard is moderately wounded.
The orc priest calls upon Beogh to heal the orc priest.
The orc priest is healed somewhat.
The orc priest calls down the wrath of Beogh upon you.
Beogh smites you!
You die...

###### ###....
#.....# #.....#
####.....####
#.......@...# ..##
###...........#.
...#
#......._.....o...
...#
#.#...........o...
...#
#.#............o.o
...#
#.####.....###.o..
...# #.# #.....#
...w ...####.#
#.....# )..
........######.###


You could see a worm, 2 orc priests, 2 orc wizards and an orc.

Vanquished Creatures
  An iron imp (D:3)
  2 adders
  3 worms
  2 dart slugs
  4 bats
  6 endoplasms
  A giant cockroach (D:3)
  3 hobgoblins (D:2)
  3 jackals (D:3)
  2 quokkas (D:1)
  6 ball pythons
  2 frilled lizards
  7 goblins
  2 kobolds
  7 rats
51 creatures vanquished.

Notes
Turn   | Place    | Note
-------+----------+-------------------------------------------
     0 | D:1      | Midn8 the Octopode Conjurer began the quest for the Orb.
     0 | D:1      | Reached XP level 1. HP: 11/11 MP: 3/3
   539 | D:1      | Reached XP level 2. HP: 17/17 MP: 1/5
   905 | D:1      | Learned a level 2 spell: Searing Ray
  1481 | D:2      | Reached XP level 3. HP: 21/21 MP: 4/7
  2317 | D:3      | Reached XP level 4. HP: 27/27 MP: 8/8
  2408 | D:3      | Reached skill level 5 in Conjurations
  2566 | D:3      | Found a glowing golden altar of the Shining One.
  2711 | D:3      | Found a snail-covered altar of Cheibriados.
  2767 | D:3      | Became a worshipper of Cheibriados the Contemplative
  2773 | D:3      | Killed from afar by an orc priest

Illustrated notes

Levels and vault maps discovered:
D:1:      ebering_hopf_link, layout_basic
D:2:      layout_basic
D:3:      wad_crossroads, layout_rooms, amcnicky_altar_gilded,
          pdpol_wu_jian_five_deadly_venoms, slow_altar_1,
          mainiacjoe_overflow_brackets, gammafunk_ghost_smash, uniq_pargi,
          uniq_robin

Skill      XL: |  1  2  3  4 |
---------------+-------------+-----
Spellcasting   | 3 |  3.0
Conjurations   | 5 |  5.5
Dodging        | |  2.0
Stealth        | |  2.6

Action                     |  1- 3 |  4- 6 || total
---------------------------+-------+-------++-------
  Melee: Unarmed           |     1 |       ||     1
         Constrict         |     1 |       ||     1
   Fire: Sling             |    12 |    27 ||    39
   Cast: Magic Dart        |    53 |       ||    53
         Searing Ray       |     4 |     2 ||     6
    Use: Scroll            |     3 |       ||     3
   Stab: Sleeping          |     1 |       ||     1
  Dodge: Dodged            |     7 |     2 ||     9

Table legend: (Time is in decaauts)
 A = Elapsed time spent in this place.
 B = Non-inter-level travel time spent in this place.
 C = Inter-level travel time spent in this place.
 D = Time resting spent in this place.
 E = Time spent auto-exploring this place.
 F = Levels seen in this place.
 G = Mean time per level.
                   A        B        C        D        E       F      G
               +--------+--------+--------+--------+--------+-----+--------+
         Total |   2789 |   2704 |     85 |    791 |   1562 |   3 |  929.7 |
       Dungeon |   2789 |   2704 |     85 |    791 |   1562 |   3 |  929.7 |
               +--------+--------+--------+--------+--------+-----+--------+

Top non-repeatable levels by time:
     D:1: 1209 daAuts
     D:2: 1003 daAuts
     D:3: 576 daAuts
